 Dungeon Crawl Stone Soup version 0.31.0 (webtiles) character file.

Game seed: 12991204102828861656

7887 qw the Skirmisher (level 11, -1/68 HPs)
             Began as a Gargoyle Hunter on Jan 19, 2024.
             Was a High Priest of Okawaru.
             Slain by a killer bee (6 damage)
             ... on level 9 of the Dungeon.
             The game lasted 00:01:02 (7139 turns).

qw the Skirmisher (Gargoyle Hunter)                 Turns: 7139, Time: 00:01:02

Health: -1/68      AC: 13    Str: 15    XL:     11   Next: 22%
Magic:  18/18      EV: 13    Int: 10    God:    Okawaru [*****.]
Gold:   254        SH:  5    Dex: 17    Spells: 10/10 levels left

rFire   + . .        q - +0 orcbow
rCold   . . .        (shield currently unavailable)
rNeg    + . .        p - +0 troll leather armour
rPois   inf          b - +0 helmet
rElec   +            (no cloak)
rCorr   .            o - +0 pair of gloves
SInv    +            (no boots)
Will    .....        s - amulet of reflection
Stlth   ++           d - ring of see invisible
HPRegen 1.11/turn    n - ring of protection from fire
MPRegen 0.16/turn

%: reflection
@: about to teleport
A: sickness immunity, AC +8, negative energy resistance 1, electricity
resistance, torment resistance 1, petrification resistance
a: Renounce Religion, Heroism, Finesse, Duel


You were on level 9 of the Dungeon.
You worshipped Okawaru.
Okawaru was extremely pleased with you.
You visited 1 branch of the dungeon, and saw 9 of its levels.

You collected 501 gold pieces.
You spent 247 gold pieces at shops.


Innate Abilities, Weirdness & Mutations

You are immune to sickness and miasma.
Your stone body is resilient. (AC +8)
You are immune to poison.
You resist negative energy. (rN+)
You are resistant to electric shocks. (rElec)
You are resistant to unholy torment.
You are immune to petrification.


   Skills:
 - Level 8.0 Fighting
 - Level 12.4 Ranged Weapons
 - Level 4.2 Armour
 + Level 3.2 Dodging
 - Level 1.1 Stealth
 + Level 9.4 Invocations


You had 10 spell levels left.
You didn't know any spells.
Your spell library was empty.

Inventory:

Hand Weapons
 q - a +0 orcbow (weapon)
Armour
 b - a +0 helmet (worn)
 o - a +0 pair of gloves (worn)
 p - a +0 troll leather armour (worn)
Jewellery
 d - a ring of see invisible (left hand)
 g - a ring of positive energy
 n - a ring of protection from fire (right hand)
 s - an amulet of reflection (around neck)
 Y - a ring of willpower
Wands
 c - a wand of mindburst (9)
 e - a wand of polymorph (10)
 u - a wand of iceblast (6)
Scrolls
 i - 7 scrolls of identify
Potions
 f - 6 potions of curing
 h - 2 potions of mutation
 k - a potion of might
 l - a potion of enlightenment
 m - a potion of resistance
 r - a potion of magic
 v - 2 potions of cancellation

Dungeon Overview and Level Annotations

Branches:
Dungeon (9/15)             Temple (0/1) D:7
   Lair: D:8-11         Orc: D:9-12

Altars:
Hepliaklqana
Kikubaaqudgha
Okawaru
Wu Jian

Shops:
D:7 ?

Annotations:
D:3 1 runed translucent door, Crazy Yiuf
D:4 1 runed translucent door
D:5 2 transporters, qw's ghost, novice GrHu


Message History

The killer bee completely misses you.
The killer bee stings you but does no damage.
You block the killer bee's attack.
The killer bee stings you but does no damage. x2
The killer bee stings you. x2
The killer bee stings you but does no damage.
You shoot an arrow. The arrow hits the killer bee!
You kill the killer bee!
Okawaru accepts your kill. The killer bee misses you.
The killer bee closely misses you.
The killer bee stings you but does no damage.
The killer bee misses you. The killer bee stings you!
The killer bee stings you but does no damage.
7136 ||| READING scroll of teleportation.
As you read the scroll of teleportation, it crumbles to dust.
You feel strangely unstable. The killer bee closely misses you.
You block the killer bee's attack. The killer bee closely misses you.
The killer bee stings you but does no damage.
The killer bee misses you. The killer bee closely misses you. x2
The killer bee stings you.
You shoot an arrow. The arrow hits the killer bee!
The killer bee is heavily wounded.
The killer bee closely misses you.
The killer bee stings you but does no damage. x2
The killer bee completely misses you. The killer bee misses you.
You block the killer bee's attack. The killer bee stings you.
The killer bee stings you but does no damage.
You shoot an arrow. The arrow hits the killer bee!
You kill the killer bee!
Okawaru accepts your kill. You block the killer bee's attack.
The killer bee barely misses you. The killer bee stings you.
The killer bee stings you but does no damage. x2
The killer bee barely misses you. x2
You shoot an arrow.
The arrow closely misses the killer bee.
The killer bee stings you but does no damage.
The killer bee stings you. The killer bee misses you.
The killer bee stings you.
You die...

.##### #### ##...#
#..######## .#...#
#..#....... .#...#
#..#....... .#.(.#
#..#....... .#...#
#..#....... .#...######
#..#....###
.#........####..#y......
##..............@y......
.....#..........yy......
.....#..................
.....#..................
########################


You could see 4 killer bees.

Vanquished Creatures
  Pikel (D:6)
  Maggie (D:6)
  A troll (D:8)
  19 yaks
  2 steam dragons
  2 water moccasins (D:7)
  Duvessa (D:7)
  A black bear (D:7)
  2 ice beasts
  4 ogres
  2 centaurs
  A kobold brigand (D:8)
  2 bullfrogs
  A gnoll sergeant (D:8)
  2 scorpions
  24 wights
  Dowan (D:7)
  2 killer bees (D:9)
  A howler monkey (D:9)
  A gnoll bouda (D:8)
  4 bombardier beetles
  5 hounds
  5 orc priests
  3 jellies
  A sleepcap (D:6)
  An iguana (D:5)
  Terence (D:3)
  5 orc wizards
  Robin (D:2)
  12 gnolls
  11 adders
  2 ufetubi (D:5)
  4 dart slugs
  2 ribbon worms
  17 orcs
  8 endoplasms
  7 giant cockroaches
  13 goblins
  18 hobgoblins
  A jackal (D:2)
  5 quokkas
  12 ball pythons
  7 bats
  2 frilled lizards
  17 kobolds
  8 rats
243 creatures vanquished.

Notes
Turn   | Place    | Note
-------+----------+-------------------------------------------
     0 | D:1      | qw the Gargoyle Hunter began the quest for the Orb.
     0 | D:1      | Reached XP level 1. HP: 12/12 MP: 1/1
     0 | D:1      | 0 ||| qw: Version: 0.3-a-132-g3d54051
     0 | D:1      | 0 ||| qw: Game counter: 405
     0 | D:1      | 0 ||| qw: Melee chars always use a shield: true
     0 | D:1      | 0 ||| qw: God list: Okawaru
     0 | D:1      | 0 ||| qw: Allow faded altars: false
     0 | D:1      | 0 ||| qw: Do Orc after clearing Dungeon:15 true
     0 | D:1      | 0 ||| qw: Do second Lair branch before Depths: true
     0 | D:1      | 0 ||| qw: Lair rune preference: random
     0 | D:1      | 0 ||| qw: Goals: Normal
     0 | D:1      | 0 ||| PLANNING D:1-11
    62 | D:1      | HP: 1/12 [hobgoblin (3)]
   201 | D:1      | Reached XP level 2. HP: 17/17 MP: 2/2
   320 | D:1      | Reached XP level 3. HP: 21/21 MP: 3/3
   374 | D:1      | Reached skill level 5 in Ranged Weapons
   848 | D:1      | 848 ||| UPGRADING to ring of see invisible.
   849 | D:1      | 849 ||| UPGRADING to ring of willpower.
   850 | D:1      | 850 ||| READING 3 scrolls labelled QIAHIUBUMU.
   850 | D:1      | 850 ||| IDENTIFYING bubbling ruby potion
   851 | D:1      | 851 ||| READING 2 scrolls of identify.
   851 | D:1      | 851 ||| IDENTIFYING bubbling black potion
   852 | D:1      | 852 ||| READING scroll of identify.
   852 | D:1      | 852 ||| IDENTIFYING blue potion
   853 | D:1      | 853 ||| READING scroll labelled RINNUI YSUOT.
   853 | D:1      | 853 ||| BRANDING +0 shortbow.
   854 | D:1      | 854 ||| READING scroll labelled ESYLAQARYA.
   855 | D:1      | 855 ||| READING scroll labelled DUONEMP ZEDYAR.
   856 | D:1      | 856 ||| DRINKING 3 brown potions.
   857 | D:1      | 857 ||| DROPPING scroll of butterflies.
   891 | D:2      | 891 ||| READING scroll labelled ERCHIF EF ZUMP.
   891 | D:2      | 891 ||| ENCHANTING +0 shortbow of flaming.
  1022 | D:2      | Reached skill level 3 in Fighting
  1043 | D:2      | Reached XP level 4. HP: 25/28 MP: 4/4
  1043 | D:2      | 1043 ||| FLEEEEING.
  1632 | D:2      | 1632 ||| READING scroll of brand weapon.
  1632 | D:2      | 1632 ||| BRANDING +1 shortbow of flaming.
  1859 | D:2      | 1859 ||| READING 3 scrolls of identify.
  1859 | D:2      | 1859 ||| IDENTIFYING sapphire potion
  1860 | D:2      | 1860 ||| READING 2 scrolls of identify.
  1860 | D:2      | 1860 ||| IDENTIFYING 2 amethyst potions
  1861 | D:2      | 1861 ||| READING scroll of identify.
  1861 | D:2      | 1861 ||| IDENTIFYING scroll labelled PITZOA RISMIR
  1862 | D:2      | 1862 ||| READING scroll labelled IMOEMAF VILAXAANO.
  1863 | D:2      | 1863 ||| READING scroll labelled PILE WEENEIMUS.
  1864 | D:2      | 1864 ||| DROPPING scroll of blinking.
  1865 | D:2      | 1865 ||| DROPPING 2 potions of attraction.
  1866 | D:2      | 1866 ||| DROPPING potion of brilliance.
  1880 | D:3      | Noticed Robin
  1881 | D:3      | 1881 ||| STAIRDANCE
  1886 | D:2      | Killed Robin
  1889 | D:2      | 1889 ||| FLEEEEING.
  1891 | D:2      | 1891 ||| STAIRDANCE
  1920 | D:1      | 1920 ||| UPGRADING to +0 helmet.
  1930 | D:3      | 1930 ||| STAIRDANCE
  1948 | D:3      | 1948 ||| STAIRDANCE
  1956 | D:2      | 1956 ||| FLEEEEING.
  1957 | D:2      | 1957 ||| STAIRDANCE
  1995 | D:3      | 1995 ||| STAIRDANCE
  2016 | D:3      | 2016 ||| STAIRDANCE
  2034 | D:3      | 2034 ||| STAIRDANCE
  2045 | D:2      | 2045 ||| FLEEEEING.
  2046 | D:2      | 2046 ||| STAIRDANCE
  2081 | D:3      | Reached XP level 5. HP: 31/32 MP: 5/5
  2098 | D:3      | Noticed Terence
  2106 | D:3      | Killed Terence
  2107 | D:3      | Reached skill level 6 in Ranged Weapons
  2122 | D:3      | Reached skill level 1 in Armour
  2129 | D:3      | HP: 7/32 [orc/+0 flail (4)]
  2319 | D:3      | Reached XP level 6. HP: 38/38 MP: 6/6
  2407 | D:3      | Found a runed translucent door.
  2408 | D:3      | Noticed Crazy Yiuf
  2574 | D:3      | 2574 ||| UPGRADING to +0 pair of gloves.
  2613 | D:4      | Found a hazy altar of Hepliaklqana.
  2728 | D:4      | Found an ancient bone altar of Kikubaaqudgha.
  2760 | D:4      | 2760 ||| READING scroll of enchant weapon.
  2760 | D:4      | 2760 ||| ENCHANTING +1 shortbow of draining.
  2790 | D:4      | Found an iron altar of Okawaru.
  2790 | D:4      | Found a runed translucent door.
  2791 | D:4      | 2791 ||| PLANNING OKAWARU WORSHIP
  2791 | D:4      | 2791 ||| UPGRADING to +0 ring mail.
  2801 | D:4      | 2801 ||| DROPPING +0 leather armour.
  2807 | D:4      | 2807 ||| UPGRADING to amulet of reflection.
  2812 | D:4      | 2812 ||| READING 2 scrolls of identify.
  2812 | D:4      | 2812 ||| IDENTIFYING murky purple potion
  2813 | D:4      | 2813 ||| READING scroll of identify.
  2813 | D:4      | 2813 ||| IDENTIFYING pink potion
  2819 | D:4      | Found the +0 toga "Victory" {*Victory Clar}
  2821 | D:4      | Became a worshipper of Warmaster Okawaru
  2822 | D:4      | 2822 ||| PLANNING D:1-11
  2905 | D:4      | 2905 ||| FLEEEEING.
  3019 | D:4      | Reached skill level 7 in Ranged Weapons
  3217 | D:4      | 3217 ||| READING scroll labelled HOLOICIFFE.
  3239 | D:5      | Entered Level 5 of the Dungeon
  3272 | D:5      | Reached XP level 7. HP: 27/43 MP: 7/7
  3438 | D:5      | Found a transporter.
  3441 | D:5      | Noticed qw's ghost (novice GrHu)
  3446 | D:5      | Found a transporter.
  3452 | D:5      | Noticed a yak
  3452 | D:5      | Noticed a yak
  3453 | D:5      | 3453 ||| DRINKING potion of haste.
  3453 | D:5      | Noticed a yak
  3455 | D:5      | Noticed a yak
  3456 | D:5      | 3456 ||| RETREEEEATING.
  3459 | D:5      | Reached * piety under Okawaru
  3468 | D:5      | Reached skill level 8 in Ranged Weapons
  3471 | D:5      | Killed a yak
  3473 | D:5      | Noticed a yak
  3475 | D:5      | Killed a yak
  3476 | D:5      | Reached skill level 3 in Invocations
  3476 | D:5      | Reached XP level 8. HP: 21/49 MP: 7/10
  3490 | D:5      | Killed a yak
  3496 | D:5      | Reached ** piety under Okawaru
  3500 | D:5      | Noticed a yak
  3503 | D:5      | Killed a yak
  3508 | D:5      | 3508 ||| INVOKING Heroism.
  3511 | D:5      | Killed a yak
  3520 | D:5      | Killed a yak
  3521 | D:5      | Reached skill level 9 in Ranged Weapons
  3522 | D:5      | 3522 ||| FLEEEEING.
  3535 | D:5      | 3535 ||| FLEEEEING.
  3542 | D:5      | 3542 ||| STAIRDANCE
  3665 | D:4      | 3665 ||| READING scroll of identify.
  3665 | D:4      | 3665 ||| IDENTIFYING red potion
  3666 | D:4      | 3666 ||| DRINKING 2 dark potions.
  3667 | D:4      | 3667 ||| DROPPING potion of lignification.
  3741 | D:5      | Reached skill level 6 in Fighting
  3741 | D:5      | Reached XP level 9. HP: 55/55 MP: 12/12
  3759 | D:5      | Found an ornate altar of the Wu Jian Council.
  3957 | D:5      | 3957 ||| DROPPING wand of flame (17).
  3966 | D:6      | 3966 ||| STAIRDANCE
  3979 | D:6      | Reached skill level 10 in Ranged Weapons
  4002 | D:6      | Reached *** piety under Okawaru
  4003 | D:6      | Reached skill level 3 in Armour
  4003 | D:6      | 4003 ||| FLEEEEING.
  4006 | D:6      | 4006 ||| STAIRDANCE
  4208 | D:6      | 4208 ||| RETREEEEATING.
  4224 | D:6      | Noticed Pikel
  4224 | D:6      | 4224 ||| RETREEEEATING.
  4225 | D:6      | 4225 ||| INVOKING Heroism.
  4228 | D:6      | 4228 ||| RETREEEEATING.
  4237 | D:6      | Killed Pikel
  4312 | D:6      | Noticed Maggie
  4325 | D:6      | 4325 ||| INVOKING Heroism.
  4341 | D:6      | Killed Maggie
  4341 | D:6      | Reached **** piety under Okawaru
  4344 | D:6      | 4344 ||| FLEEEEING.
  4693 | D:6      | Reached skill level 11 in Ranged Weapons
  4846 | D:6      | 4846 ||| DROPPING scarf of shadows.
  4847 | D:6      | 4847 ||| UPGRADING to +0 acid dragon scales.
  4857 | D:6      | 4857 ||| DROPPING +0 ring mail.
  4858 | D:6      | 4858 ||| UPGRADING to ring of protection from fire.
  4860 | D:6      | 4860 ||| READING 3 scrolls of identify.
  4860 | D:6      | 4860 ||| IDENTIFYING murky ruby potion
  4861 | D:6      | 4861 ||| READING 2 scrolls of identify.
  4861 | D:6      | 4861 ||| IDENTIFYING fuming inky potion
  4862 | D:6      | 4862 ||| READING scroll of identify.
  4862 | D:6      | 4862 ||| IDENTIFYING fuming grey potion
  4863 | D:6      | 4863 ||| DRINKING 2 golden potions.
  4864 | D:6      | 4864 ||| DROPPING potion of degeneration.
  4865 | D:6      | 4865 ||| DROPPING potion of invisibility.
  4923 | D:7      | Reached XP level 10. HP: 64/64 MP: 13/13
  4940 | D:7      | Reached skill level 3 in Dodging
  4940 | D:7      | 4940 ||| FLEEEEING.
  5166 | D:7      | 5166 ||| RETREEEEATING.
  5171 | D:7      | 5171 ||| RETREEEEATING.
  5172 | D:7      | 5172 ||| RETREEEEATING.
  5174 | D:7      | Reached skill level 6 in Invocations
  5194 | D:7      | 5194 ||| FLEEEEING.
  5347 | D:7      | HP: 13/64 [wight/+0 morningstar (6)]
  5348 | D:7      | 5348 ||| DRINKING potion of heal wounds.
  5577 | D:7      | Noticed Duvessa
  5577 | D:7      | Noticed Dowan
  5578 | D:7      | 5578 ||| RETREEEEATING.
  5583 | D:7      | 5583 ||| RETREEEEATING.
  5593 | D:7      | 5593 ||| INVOKING Finesse.
  5596 | D:7      | Killed Duvessa
  5605 | D:7      | Killed Dowan
  5653 | D:7      | Found a staircase to the Ecumenical Temple.
  5664 | D:7      | Found Nohov's Magic Scroll Shop.
  5667 | D:7      | 5667 ||| BUYING scroll of enchant weapon (82 gold).
  5667 | D:7      | Bought a scroll of enchant weapon for 82 gold pieces
  5667 | D:7      | 5667 ||| BUYING scroll of identify (22 gold).
  5667 | D:7      | Bought a scroll of identify for 22 gold pieces
  5667 | D:7      | 5667 ||| BUYING scroll of identify (22 gold).
  5667 | D:7      | Bought a scroll of identify for 22 gold pieces
  5667 | D:7      | 5667 ||| BUYING scroll of identify (22 gold).
  5667 | D:7      | Bought a scroll of identify for 22 gold pieces
  5667 | D:7      | 5667 ||| BUYING scroll of identify (22 gold).
  5667 | D:7      | Bought a scroll of identify for 22 gold pieces
  5667 | D:7      | 5667 ||| BUYING scroll of identify (22 gold).
  5667 | D:7      | Bought a scroll of identify for 22 gold pieces
  5667 | D:7      | 5667 ||| BUYING scroll of identify (22 gold).
  5667 | D:7      | Bought a scroll of identify for 22 gold pieces
  5667 | D:7      | 5667 ||| BUYING scroll of teleportation (33 gold).
  5667 | D:7      | Bought a scroll of teleportation for 33 gold pieces
  5667 | D:7      | 5667 ||| READING scroll of enchant weapon.
  5667 | D:7      | 5667 ||| ENCHANTING +2 shortbow of draining.
  6226 | D:8      | 6226 ||| RETREEEEATING.
  6228 | D:8      | 6228 ||| RETREEEEATING.
  6230 | D:8      | 6230 ||| RETREEEEATING.
  6232 | D:8      | 6232 ||| RETREEEEATING.
  6244 | D:8      | 6244 ||| RETREEEEATING.
  6246 | D:8      | 6246 ||| RETREEEEATING.
  6247 | D:8      | 6247 ||| RETREEEEATING.
  6248 | D:8      | 6248 ||| RETREEEEATING.
  6269 | D:8      | Reached skill level 12 in Ranged Weapons
  6272 | D:8      | 6272 ||| FLEEEEING.
  6413 | D:8      | 6413 ||| RETREEEEATING.
  6414 | D:8      | 6414 ||| RETREEEEATING.
  6416 | D:8      | Reached ***** piety under Okawaru
  6434 | D:8      | Reached XP level 11. HP: 42/68 MP: 17/17
  6447 | D:8      | 6447 ||| FLEEEEING.
  6559 | D:8      | Received a gift from Okawaru
  6560 | D:8      | Reached skill level 9 in Invocations
  6654 | D:8      | 6654 ||| FLEEEEING.
  6995 | D:8      | 6995 ||| UPGRADING to +0 troll leather armour.
  7005 | D:8      | 7005 ||| DROPPING +0 acid dragon scales.
  7063 | D:9      | 7063 ||| SWAPPING to +0 orcbow.
  7068 | D:9      | 7068 ||| DROPPING +3 shortbow of draining.
  7135 | D:9      | HP: 13/68 [killer bee (7)]
  7136 | D:9      | 7136 ||| READING scroll of teleportation.
  7139 | D:9      | HP: 5/68 [killer bee (3)]
  7139 | D:9      | Slain by a killer bee

Levels and vault maps discovered:
D:1:      dpeg_arrival_erosion, layout_basic, amcnicky_mini_corridor_feature,
          ebering_dispersal_statue_hall
D:2:      mumra_celtic_spiral_tile, layout_loops_ring, minmay_heptomino_o4
D:3:      layout_rooms, uniq_robin, uniq_crazy_yiuf_cottage, uniq_terence
D:4:      layout_basic, worldfamousw_hep_ancestral_shrine, lemuel_round_altar,
          nicolae_overflow_guarded_unrand_okawaru_victory, minivault_23,
          kennysheep_generic_room_6
D:5:      layout_rooms, nzn_wu_jian_contemplation, gammafunk_ghost_arena,
          nicolae_letterblocks [nicolae_letter_subblock,
          nicolae_letter_subblock, nicolae_letter_subblock,
          nicolae_letter_subblock, nicolae_letter_subblock,
          nicolae_letter_subblock, nicolae_letter_subblock,
          nicolae_letter_subblock, nicolae_letter_subblock,
          nicolae_letter_subblock, nicolae_letter_subblock,
          nicolae_letter_subblock, nicolae_letter_subblock,
          nicolae_letter_subblock, nicolae_letter_subblock,
          nicolae_letter_subblock, nicolae_letter_subblock,
          nicolae_letter_subblock, nicolae_letter_subblock,
          nicolae_letter_subblock, nicolae_letter_subblock,
          nicolae_letter_subblock, nicolae_letter_subblock,
          nicolae_letter_subblock, nicolae_letter_subblock]
D:6:      layout_basic, grunt_decor_arrowhead, uniq_maggie, uniq_pikel
D:7:      layout_gridville, minmay_temple_entry_drinking_statues, serial_shops,
          nicolae_shop_window_shopping, uniq_duvessa
D:8:      layout_basic
D:9:      layout_grid_maze, minmay_lair_entry_grove, orc_0_dummy

Skill      XL: |  1  2  3  4  5  6  7  8  9 10 11 |
---------------+----------------------------------+-----
Ranged Weapons | 5 6 7 8 9 11 12 | 12.4
Fighting       | 3 4 5 6 7 8 |  8.0
Armour         | 1 2 3 4 |  4.2
Invocations    | 3 4 5 8 9 |  9.4
Dodging        | 2 3 |  3.2
Stealth        | |  1.1

Action                     |  1- 3 |  4- 6 |  7- 9 | 10-12 || total
---------------------------+-------+-------+-------+-------++-------
   Fire: Shortbow          |   109 |   218 |   238 |   362 ||   927
         Orcbow            |       |       |       |    28 ||    28
 Invoke: Heroism           |       |       |     3 |       ||     3
         Finesse           |       |       |       |     1 ||     1
    Use: Scroll            |     7 |    10 |     4 |     2 ||    23
         Potion            |     1 |       |     3 |     1 ||     5
 Armour: Leather armour    |    21 |    92 |       |       ||   113
         Ring mail         |       |    12 |    99 |       ||   111
         Acid dragon scale |       |       |       |   110 ||   110
         Troll leather arm |       |       |       |    67 ||    67
  Dodge: Dodged            |    15 |    88 |   106 |   139 ||   348
  Block: Other             |       |     5 |    32 |    42 ||    79
         Reflection        |       |       |       |     2 ||     2

Table legend:
 A = Non-vault XP
 B = Vault XP
 C = Vault XP percentage of total XP
 D = Non-vault monster count
 E = Vault monster count
 F = Vault count percentage of total count
                 A         B        C        D         E       F
            +---------+---------+-------+---------+---------+-------
      Total |    9865 |    1403 |  12.5 |     221 |      22 |   9.1
            +---------+---------+-------+---------+---------+-------
        D:1 |      50 |       0 |   0.0 |      30 |       0 |   0.0
        D:2 |      74 |      38 |  33.9 |      30 |      14 |  31.8
        D:3 |     156 |      38 |  19.6 |      24 |       2 |   7.7
        D:4 |     106 |      90 |  45.9 |      16 |       2 |  11.1
        D:5 |    2297 |       0 |   0.0 |      32 |       0 |   0.0
        D:6 |     729 |    1024 |  58.4 |      15 |       2 |  11.8
        D:7 |    1869 |     213 |  10.2 |      22 |       2 |   8.3
        D:8 |    4210 |       0 |   0.0 |      47 |       0 |   0.0
        D:9 |     374 |       0 |   0.0 |       5 |       0 |   0.0
            +---------+---------+-------+---------+---------+-------
